 Dungeon Crawl Stone Soup version 0.27-a0-562-g0d39f094a4 (webtiles) character file.

Game seed: 3316573665723954551

9360 jasper the Unseen (level 11, 0/54 HPs)
             Began as a Vampire Enchanter on Mar 9, 2021.
             Was an Elder of Dithmenos.
             Slain by a warg (14 damage)
             ... on level 11 of the Dungeon.
             The game lasted 00:20:47 (12557 turns).

jasper the Unseen (Vampire Enchanter)              Turns: 12557, Time: 00:20:47

Health: 0/54       AC:  7    Str:  7    XL:     11   Next: 22%
Magic:  12/14      EV: 15    Int: 22    God:    Dithmenos [****..]
Gold:   197        SH:  7    Dex: 20    Spells: 4/14 levels left

rFire    . . .     SeeInvis +   J - +0 dagger (venom)
rCold    + + +     Faith    .   l - +1 buckler
rNeg     + + +     Spirit   .   b - +0 robe
rPois    ∞         Reflect  .   E - +2 helmet
rElec    .         Harm     .   x - +0 cloak
rCorr    .         Rampage  .   c - +0 pair of gloves
Will     +....                  (no boots) Stlth ****++++++
                                (no amulet)
HPRegen  0.00/turn              k - ring of protection from cold
MPRegen  0.14/turn              F - +6 ring of dexterity

@: bloodless, wreathed by umbra
A: fangs 3, see invisible, unbreathing 1
a: Bat Form, Revivify, Renounce Religion, Shadow Step


You were on level 11 of the Dungeon.
You worshipped Dithmenos.
Dithmenos was greatly pleased with you.
You visited 2 branches of the dungeon, and saw 12 of its levels.

You collected 604 gold pieces.
You spent 407 gold pieces at shops.

Inventory:

Hand Weapons
 a - a +1 dagger
 m - a +1 short sword of speed
 u - a +2 dagger of protection
 z - the +4 scythe of Nuyfan {venom, rF+ Will- Int+2}
   (You found it on level 6 of the Dungeon)

   It poisons the flesh of those it strikes.
   It affects your intelligence (+2).
   It protects you from fire.
   It affects your willpower, your defense against some magical effects.
 J - a +0 dagger of venom (weapon)
Missiles
 f - 5 javelins
 q - 8 curare-tipped darts
 G - a throwing net
Armour
 b - a +0 robe (worn)
 c - a +0 pair of gloves (worn)
 l - a +1 buckler (worn)
 x - a +0 cloak (worn)
 E - a +2 helmet (worn)
 K - a +0 troll leather armour
 N - the +4 pair of gloves of the Present {-Tele Rampage Will- Str+9}
   (You bought it in a shop on level 11 of the Dungeon)

   It affects your strength (+9).
   It affects your willpower, your defense against some magical effects.
   It prevents most forms of teleportation.
   It bestows one free step when moving towards enemies.
Jewellery
 h - a ring of fire
 k - a ring of protection from cold (left hand)
 F - a +6 ring of dexterity (right hand)
 H - a ring of magical power
 M - a ring of resist corrosion
Wands
 r - a wand of flame (45)
 w - a wand of paralysis (5)
 y - a wand of polymorph (9)
 A - a wand of digging (13)
 B - a wand of mindburst (13)
 I - a wand of charming (12)
Scrolls
 d - 2 scrolls of enchant weapon
 e - 2 scrolls of random uselessness
 p - 2 scrolls of teleportation
 v - 2 scrolls of identify
 L - a scroll of enchant armour
Potions
 g - 2 potions of berserk rage
 i - a potion of brilliance {unknown}
 j - 4 potions of curing
 n - 3 potions of flight
 o - 2 potions of ambrosia {unknown}
 s - 4 potions of heal wounds
 t - 2 potions of attraction {unknown}
 C - a potion of mutation {unknown}
 D - 2 potions of magic {unknown}


   Skills:
 - Level 1.1 Short Blades
 - Level 5.0 Dodging
 * Level 18.5 Stealth
 - Level 4.0 Shields
 - Level 2.0 Spellcasting
 - Level 13.0 Hexes
 - Level 5.0 Ice Magic


You had 4 spell levels left.
You knew the following spells:

 Your Spells              Type           Power      Damage    Failure   Level
a - Corona                Hex            62%        N/A       1%          1
b - Ensorcelled Hibernat  Hex/Ice        82%        N/A       1%          2
c - Confusing Touch       Hex            56%        N/A       1%          3
d - Tukima's Dance        Hex            56%        N/A       1%          3
e - Animate Skeleton      Necr           4%         N/A       14%         1

Your spell library contained the following spells:

 Spells                   Type           Power      Damage    Failure   Level
 Dazzling Flash           Conj/Hex       60%        N/A       2%          3
 Inner Flame              Hex/Fire       30%        N/A       2%          3
 Foxfire                  Conj/Fire      8%         2x1d4     14%         1
 Pain                     Necr           8%         1d4       14%         1
 Conjure Flame            Conj/Fire      2%         6-21      38%         3
 Vampiric Draining        Necr           1%         2d6       38%         3
 Animate Dead             Necr           1%         N/A       80%         4
 Sticky Flame             Conj/Fire      2%         2d3       80%         4
 Agony                    Necr           2%         N/A       98%         5
 Fireball                 Conj/Fire      1%         3d3       98%         5


Dungeon Overview and Level Annotations

Branches:
Dungeon (11/15)            Temple (1/1) D:6            Lair (0/6) D:11
    Orc (0/2) D:11

Altars:
Ashenzari
Dithmenos
Gozag
Hepliaklqana
Kikubaaqudgha
Makhleb
Nemelex Xobeh
Okawaru
Qazlal
Ru
Sif Muna
Trog
Uskayaw
Vehumet
Xom
Yredelemnul
The Shining One

Shops:
D:4 (   D:11 ([

Annotations:
D:5 Grinder


Innate Abilities, Weirdness & Mutations

You do not regenerate when monsters are visible.
You are frail without blood (-20% HP).
You can heal yourself when you bite living creatures.
You are immune to poison.
You have razor-sharp teeth.
You have supernaturally acute eyesight. (SInv)
You can survive without breathing.


Message History

You see here a ring of flight.
A warg is nearby!
An orc comes into view. It is wielding a +0 dagger.
An orc warrior and a wraith come into view.
Found a staircase to the Lair and a stone staircase leading up.
An orc and an orc wizard come into view.
Found a scroll of identify.
The helpless wraith fails to defend itself.
You skewer the wraith like a kebab!!!!
You destroy the wraith!
Dithmenos accepts your kill.
Your shadow now sometimes tangibly mimics your actions.
The orc wizard shouts!
The leopard gecko hisses angrily.
The orc priest shouts!
The orc shouts!
The orc warrior shouts!
The warg howls!
The orc priest shouts!
The warg howls!
The orc wizard shouts!
The orc priest mumbles some strange prayers to Beogh against you.
Beogh smites you!
You take 8 damage, and have 46/54 hp.
The orc priest looks satisfied for a moment.
The orc priest mumbles some strange prayers to Beogh against you.
Beogh smites you!
You take 12 damage, and have 34/54 hp.
MASSIVE DAMAGE!!
The warg barely misses you.
The orc wizard casts a spell at itself.
The orc wizard flickers and vanishes for a moment.
The orc priest mumbles some strange prayers to Beogh against you.
Beogh smites you!
You see here a ring of flight.
You take 11 damage, and have 23/54 hp.
MASSIVE DAMAGE!!
The warg pauses to sniff the ground.
The warg bites you!
* * * LOW HITPOINT WARNING * * *
You take 9 damage, and have 14/54 hp.
Aiming: Ensorcelled Hibernation (safe; 1% risk of failure)
Press: ? - help, Q - select action, (/) - cycle Shift-Dir - straight line, f - warg
Aim: a warg (umbra, chance to affect: 50%)
The warg resists with some effort.
The warg bites you!
You die...

#††.# #.# ##.######
#####.##### #.......#
#.........# #†###.###
#.......<.# #.
#...####)........# ##.# ##
###.##)..........# ##...# #.
#..).))#.........#
#.....##.###.######.........#
....... ...#.@.# ##.PP..#.##
....P..###o###h# #.P∩P.#.#
.......looo.oo..# #.P.P...#
##...o.....#.###### #.....###
......>......# ##.....#
.............# ##....#
.........?.#<# #....#
..#.......##.# #....#
..#.......##.# #....#


You could see a warg.

Vanquished Creatures
  An unseen horror (D:11)
  A cyclops (D:11)
  A troll (D:10)
  2 wraiths (D:11)
  12 yaks
  2 wyverns
  A soldier ant (D:11)
  3 ice beasts
  2 orc warriors
  4 sky beasts
  An eye of draining (D:9)
  3 ogres
  A necrophage (D:11)
  12 centaurs
  3 kobold brigands
  4 phantoms
  7 bullfrogs
  A gnoll sergeant (D:7)
  4 scorpions
  13 killer bees
  5 howler monkeys
  5 wights
  A bullfrog zombie (D:6)
  4 centaur zombies
  5 hounds
  A jelly (D:5)
  4 orc priests
  A bullfrog skeleton (D:11)
  A centaur skeleton (D:10)
  2 iguanas
  4 orc wizards
  7 worker ants
  7 gnolls
  A howler monkey skeleton (D:6)
  6 adders
  2 shadow imps
  5 white imps
  3 ufetubi (D:6)
  2 oozes
  An adder skeleton (D:7)
  An adder zombie (D:10)
  4 worms
  2 dart slugs (D:1)
  8 leopard geckos
  19 orcs
  A ball python (D:1)
  5 giant cockroaches
  11 goblins (D:2)
  7 hobgoblins
  4 jackals (D:4)
  16 kobolds
  6 quokkas
  11 bats
  A frilled lizard (D:1)
  5 rats
246 creatures vanquished.

Vanquished Creatures (others)
  An ice beast (D:9)
1 creature vanquished.

Grand Total: 247 creatures vanquished

Notes
Turn   | Place    | Note
-------+----------+-------------------------------------------
     0 | D:1      | jasper the Vampire Enchanter began the quest for the Orb.
     0 | D:1      | Reached XP level 1. HP: 13/13 MP: 3/3
   312 | D:1      | Reached XP level 2. HP: 15/15 MP: 3/5
   315 | D:1      | Learned a level 2 spell: Ensorcelled Hibernation
   440 | D:1      | Reached skill level 5 in Stealth
   640 | D:2      | Reached skill level 5 in Hexes
   673 | D:2      | Reached XP level 3. HP: 19/19 MP: 1/6
  1647 | D:2      | Reached XP level 4. HP: 24/24 MP: 4/7
  1668 | D:2      | Learned a level 3 spell: Confusing Touch
  1979 | D:2      | Reached skill level 6 in Stealth
  3001 | D:3      | Found an iron altar of Okawaru.
  3405 | D:3      | Found a sparkling altar of Nemelex Xobeh.
  4124 | D:4      | Reached XP level 5. HP: 28/28 MP: 3/8
  4167 | D:4      | Found Raddehag's Weapon Shop.
  4175 | D:4      | Bought a +1 dagger of protection for 103 gold pieces
  4627 | D:4      | Reached skill level 7 in Stealth
  4688 | D:4      | Noticed a phantom
  5212 | D:5      | Entered Level 5 of the Dungeon
  5223 | D:5      | Reached XP level 6. HP: 32/32 MP: 6/9
  5227 | D:5      | Learned a level 3 spell: Tukima's Dance
  5257 | D:5      | Noticed Grinder
  5397 | D:6      | Reached skill level 8 in Stealth
  5405 | D:6      | Found a staircase to the Ecumenical Temple.
  5433 | D:6      | Reached XP level 7. HP: 22/36 MP: 7/10
  5561 | D:6      | Reached skill level 9 in Stealth
  5565 | D:6      | Identified the +4 scythe of Nuyfan {venom, rF+ Will- Int+2}
  5573 | Temple   | Entered the Ecumenical Temple
  5647 | Temple   | Became a worshipper of Dithmenos the Shadowed
  6524 | D:7      | Reached skill level 10 in Stealth
  6527 | D:7      | Reached skill level 5 in Dodging
  6527 | D:7      | Reached XP level 8. HP: 41/41 MP: 8/11
  6906 | D:6      | Reached skill level 1 in Shields
  7116 | D:6      | Reached skill level 10 in Hexes
  7506 | D:6      | Reached skill level 11 in Stealth
  8042 | D:7      | Reached * piety under Dithmenos
  8168 | D:7      | Learned a level 1 spell: Animate Skeleton
  8421 | D:7      | Reached skill level 12 in Stealth
  8442 | D:7      | Found a hide-covered altar of Uskayaw.
  8644 | D:7      | Reached XP level 9. HP: 45/45 MP: 12/12
  8926 | D:8      | Found an opulent altar of Gozag.
  9108 | D:8      | Noticed a two-headed ogre
  9135 | D:8      | Noticed a two-headed ogre
  9437 | D:9      | Reached skill level 13 in Stealth
  9744 | D:9      | Reached skill level 14 in Stealth
  9833 | D:9      | Reached skill level 1 in Ice Magic
  9859 | D:9      | Reached ** piety under Dithmenos
  9866 | D:9      | Reached XP level 10. HP: 50/50 MP: 2/13
 10275 | D:10     | Entered Level 10 of the Dungeon
 10508 | D:10     | Reached skill level 15 in Stealth
 11122 | D:10     | Reached skill level 16 in Stealth
 11377 | D:10     | Reached *** piety under Dithmenos
 11745 | D:11     | Noticed an unseen horror
 11752 | D:11     | Killed an unseen horror
 11753 | D:11     | Reached skill level 17 in Stealth
 11753 | D:11     | Reached skill level 5 in Ice Magic
 11754 | D:11     | Found Pajamn's Weapon Shop.
 11790 | D:11     | Found a staircase to the Orcish Mines.
 11820 | D:11     | Noticed a cyclops
 11828 | D:11     | Killed a cyclops
 11829 | D:11     | Reached XP level 11. HP: 54/54 MP: 14/14
 12316 | D:11     | Reached skill level 18 in Stealth
 12414 | D:11     | Found Fid Kui's Antique Armour Emporium.
 12452 | D:11     | Bought a pair of pitted gloves for 304 gold pieces
 12452 | D:11     | Identified the +4 pair of gloves of the Present {-Tele
                  | Rampage Will- Str+9} (You bought it in a shop on level 11
                  | of the Dungeon)
 12543 | D:11     | Found a staircase to the Lair.
 12546 | D:11     | Reached **** piety under Dithmenos
 12557 | D:11     | Slain by a warg

Illustrated notes

Levels and vault maps discovered:
D:1:      tarquinn_simple_flora_water_d, layout_basic,
          chequers_serial_rivers_small_b, kennysheep_doodads
D:2:      cheibrodos_greedy_goblins, layout_basic, minmay_tetromino_o4
D:3:      layout_loops_corners, nemelex_xobeh_ov_fountains_minmay,
          okawaru_ov_weapons_minmay
D:4:      layout_basic, serial_shops, nicolae_shop_statue_plus,
          gammafunk_ghost_grave, grunt_ministairs_1
D:5:      layout_cave_pools, minitemple, uniq_grinder
D:6:      minmay_spotlight, layout_basic, minmay_temple_entry_glass
D:7:      layout_gridville, kennysheep_mini,
          hangedman_abyss_or_decor_lesser_grid, serial_bayou_pond_d
D:8:      layout_basic, grunt_gozag_breadcrumbs, basic_altar
D:9:      layout_rooms, minmay_misc_feat_four_crosses
D:10:     layout_basic, kennysheep_minor_cross
D:11:     layout_roguey, erik_lair_orcish_takeover, serial_shops,
          kennysheep_mini_moat, shop, nicolae_shop_overgrown_old_shop, shop
Temple:   nicolae_temple_elliptical

Skill      XL: |  1  2  3  4  5  6  7  8  9 10 11 |
---------------+----------------------------------+-----
Stealth        | 5 6 7 8 10 12 14 17 18 | 18.5
Hexes          | 5 6 7 8 9 11 13 | 13.0
Dodging        | 3 4 5 |  5.0
Shields        | 2 4 |  4.0
Ice Magic      | 1 5 |  5.0
Short Blades   | |  1.1
Spellcasting   | |  2.0

Action                   |  1- 3 |  4- 6 |  7- 9 | 10-12 || total
-------------------------+-------+-------+-------+-------++-------
Melee: Dagger            |    93 |   123 |   214 |   261 ||   691
       Bite              |     3 |     6 |    20 |    33 ||    62
 Cast: Corona            |     2 |       |       |       ||     2
       Ensorcelled Hiber |    24 |    37 |    54 |    55 ||   170
       Confusing Touch   |       |     2 |    16 |     7 ||    25
 Abil: Exsanguinate      |     1 |       |       |       ||     1
       End Transformatio |       |     1 |       |       ||     1
       Bat Form          |       |     1 |       |       ||     1
Evoke: Wand              |       |     1 |    13 |     3 ||    17
  Use: Potion            |       |     1 |     1 |       ||     2
       Scroll            |       |       |    12 |       ||    12
 Stab: Sleeping          |    26 |    36 |    49 |    59 ||   170
       Confused          |       |     1 |    15 |     9 ||    25
       Paralysed         |       |       |     5 |       ||     5
       Distracted        |       |       |     1 |       ||     1
Armor: Robe              |    10 |    42 |    48 |    32 ||   132
Dodge: Dodged            |    52 |   109 |   161 |   142 ||   464
Block: Buckler           |       |       |    17 |    78 ||    95

Table legend: (Time is in decaauts)
 A = Elapsed time spent in this place.
 B = Non-inter-level travel time spent in this place.
 C = Inter-level travel time spent in this place.
 D = Time resting spent in this place.
 E = Time spent auto-exploring this place.
 F = Levels seen in this place.
 G = Mean time per level.
                   A        B        C        D        E       F      G
               +--------+--------+--------+--------+--------+-----+--------+
         Total |  12524 |  12185 |    339 |   2402 |   7342 |  12 | 1043.7 |
       Dungeon |  12426 |  12109 |    317 |   2402 |   7270 |  11 | 1129.6 |
        Temple |     97 |     75 |     22 |      0 |     72 |   1 |   97.0 |
               +--------+--------+--------+--------+--------+-----+--------+

Top non-repeatable levels by time:
     D:2: 2263 daAuts
     D:6: 2076 daAuts
    D:10: 1663 daAuts
     D:3: 1416 daAuts
     D:9: 1135 daAuts
     D:7: 898 daAuts
     D:4: 888 daAuts
     D:1: 627 daAuts
    D:11: 608 daAuts
     D:5: 495 daAuts
     D:8: 355 daAuts
  Temple: 97 daAuts
